 Dungeon Sprint DCSS version 0.20-a0-839-gdaf5c57 (webtiles) character file.

5998 Kidiri the Eclecticist (level 10, -3/69 HPs)
             Began as a Deep Elf Fire Elementalist on Mar 7, 2017.
             Was the Champion of Vehumet.
             Slain by a tyrant leech (33 damage)
             ... in the Dungeon (Sprint III: "The Ten Rune Challenge") on Mar 8, 2017.
             The game lasted 00:19:05 (2195 turns).

Kidiri the Eclecticist (Deep Elf Fire Elementalist) Turns: 2195, Time: 00:19:05

Health: -3/69      AC:  3    Str:  5    XL:     10   Next: 55%
Magic:  22/31      EV: 19    Int: 24    God:    Vehumet [******]
Gold:   23         SH:  0    Dex: 15    Spells: 14/39 levels left

rFire    . . .     SeeInvis .   m - +2 dagger (drain)
rCold    . . .     Gourm    .   a - +0 robe
rNeg     . . .     Faith    .   (no shield)
rPois    .         Spirit   .   (no helmet)
rElec    .         Reflect  .   (no cloak)
rCorr    .         Harm     .   (no gloves)
MR       +....     NoTele   +   (no boots)
Stlth    ++........             (no amulet)
Regen    0.3/turn               (no ring)
MPRegen  0.3/turn               (no ring)

@: no status effects
A: robust 1, shaggy fur 1, sturdy frame 1
a: Renounce Religion


You were in the Dungeon.
You worshipped Vehumet.
Vehumet was exalted by your worship.
You were not hungry.

You visited 1 branch You collected 23 gold pieces.

Inventory:

Hand Weapons
 m - a +2 dagger of draining (weapon)
Armour
 a - a +0 robe (worn)
Wands
 e - a wand of acid (8/15)
Scrolls
 i - a scroll of blinking
 l - a scroll of holy word
 n - 3 scrolls of remove curse
Potions
 b - a potion of heal wounds
 d - a potion of curing
 f - a potion of haste
 g - 2 potions of magic
 h - a potion of berserk rage
 j - 2 potions of mutation
 o - a potion of lignification
 p - 2 potions of cancellation {unknown}
 r - a potion of flight {unknown}
Comestibles
 c - 2 bread rations
 k - 26 royal jellies
 q - 4 chunks of flesh


   Skills:
 + Level 7.2 Fighting
 + Level 7.3 Short Blades
 + Level 7.2 Armour
 - Level 10.0 Dodging
 - Level 2.4 Stealth
 * Level 15.3 Spellcasting
 + Level 9.2 Conjurations
 + Level 10.0 Fire Magic
 + Level 5.6 Air Magic
 + Level 6.3 Poison Magic
 + Level 6.4 Evocations


You had 14 spell levels left.
You knew the following spells:

 Your Spells              Type           Power        Failure   Level  Hunger
a - Flame Tongue          Conj/Fire      #####        1%          1    None
b - Throw Flame           Conj/Fire      ######       1%          2    None
c - Conjure Flame         Conj/Fire      ######..     1%          3    None
d - Inner Flame           Hex/Fire       #####...     1%          3    None
e - Sticky Flame          Conj/Fire      ######..     1%          4    None
f - Fireball              Conj/Fire      ######....   1%          5    ##.....
g - Mephitic Cloud        Conj/Pois/Air  ######..     1%          3    None
h - Throw Icicle          Conj/Ice       #####...     1%          4    None


Dungeon Overview and Level Annotations

Branches:
Dungeon (1/1)

Altars:
Cheibriados
Dithmenos
Elyvilon
Fedhas
Gozag
Hepliaklqana
Kikubaaqudgha
Makhleb
Nemelex Xobeh
Okawaru
Qazlal
Ru
Sif Muna
Trog
Uskayaw
Vehumet
Wu Jian
Xom
Yredelemnul
Zin
The Shining One
Beogh
Jiyva
Lugonu

Annotations:
D exclusion: 2 doors


Innate Abilities, Weirdness & Mutations

You are robust. (+10% HP)
You are covered in fur. (AC +1)
Your movements are slightly less encumbered by armour. (ER -2)


Message History

Confirm with . or Enter, or press ? or * to list all spells.
Aiming: Flame Tongue
Press: ? - help, Shift-Dir - straight line, f/p - tyrant leech
Aim: a tyrant leech (flame, moderately wounded, covered in liquid flames)
The flame tongue hits the tyrant leech.
The tyrant leech is heavily wounded.
The tyrant leech burns!
The tyrant leech is engulfed in blazing flames.
Casting: Flame Tongue
Confirm with . or Enter, or press ? or * to list all spells.
Aiming: Flame Tongue
Press: ? - help, Shift-Dir - straight line, f/p - tyrant leech
Aim: a tyrant leech (severely wounded, covered in liquid flames)
The flame tongue hits the tyrant leech.
The tyrant leech is severely wounded.
The tyrant leech burns!
The tyrant leech bites you!
The tyrant leech draws strength from your injuries!
The tyrant leech is engulfed in blazing flames.
The tyrant leech bites you!!
You die...

♣♣≈≈≈........≈≈≈.
+♣♣%♣≈≈≈≈≈≈≈≈≈≈≈≈♣♣
#.≈♣♣♣♣♣♣♣♣♣♣♣♣♣♣♣♣
#..♣♣ ♣ ###'♣
♣♣♣♣.# ♣...## ♣♣.##
♣w@# ♣♣w# ♣.# ...
####


You could see 2 tyrant leeches.

Vanquished Creatures
  Josephine (D)
  A centaur warrior (D)
  An unseen horror (D)
  A deep elf mage (D)
  2 spiny frogs (D)
  A komodo dragon (D)
  A queen bee (D)
  3 wandering mushrooms (D)
  A redback (D)
  A shadow (D)
  A spatial vortex (D)
  A necrophage (D)
  2 centaurs (D)
  A water elemental (D)
  A scorpion (D)
  19 killer bees (D)
  A jelly (D)
  A wizard (D)
  A necromancer (D)
  A kobold demonologist (D)
  3 humans (D)
  An ooze (D)
  3 rats (D)
49 creatures vanquished.

Vanquished Creatures (collateral kills)
  11 killer bees (D)
11 creatures vanquished.

Vanquished Creatures (others)
  2 draconian scorchers (D)
  6 hellions (D)
  2 yaktaurs (D)
  2 killer bees (D)
  4 plants (D)
16 creatures vanquished.

Grand Total: 76 creatures vanquished

Notes
Turn   | Place    | Note
-------+----------+-------------------------------------------
     0 | D        | Kidiri the Deep Elf Fire Elementalist began the quest for the Orb.
     0 | D        | Reached XP level 1. HP: 10/10 MP: 6/6
     7 | D        | Reached skill level 1 in Fighting
    64 | D        | Reached skill level 1 in Armour
    99 | D        | Killed a hellion
   100 | D        | Killed a hellion
   100 | D        | Killed a hellion
   117 | D        | Reached skill level 4 in Spellcasting
   117 | D        | Reached XP level 2. HP: 8/16 MP: 0/9
   121 | D        | Learned a level 2 spell: Throw Flame
   124 | D        | Killed a hellion
   131 | D        | Killed a hellion
   131 | D        | Killed a hellion
   166 | D        | Killed a white draconian scorcher
   238 | D        | Killed a white draconian scorcher
   251 | D        | Killed a yaktaur
   255 | D        | Killed a yaktaur
   273 | D        | Noticed a scorpion
   289 | D        | Killed a scorpion
   289 | D        | Reached skill level 6 in Spellcasting
   289 | D        | Reached XP level 3. HP: 7/22 MP: 3/12
   289 | D        | Reached XP level 4. HP: 9/27 MP: 3/14
   314 | D        | HP: 1/27 [poisoned by a scorpion]
   375 | D        | Gained mutation: You are robust. (+10% HP) [potion of mutation]
   375 | D        | Gained mutation: You are covered in fur. (AC +1) [potion of mutation]
   375 | D        | Gained mutation: Your movements are slightly less encumbered by armour. (ER -2) [potion of mutation]
   384 | D        | Learned a level 3 spell: Conjure Flame
   388 | D        | Learned a level 3 spell: Inner Flame
   393 | D        | Learned a level 4 spell: Sticky Flame
   617 | D        | Noticed a water elemental
   619 | D        | Killed a water elemental
   619 | D        | Reached skill level 5 in Dodging
   619 | D        | Reached skill level 7 in Spellcasting
   619 | D        | Reached skill level 5 in Fire Magic
   619 | D        | Reached XP level 5. HP: 35/35 MP: 7/17
   667 | D        | Learned a level 5 spell: Fireball
   685 | D        | Found a radiant altar of Vehumet.
   686 | D        | Found a deep blue altar of Sif Muna.
   686 | D        | Found an ancient bone altar of Kikubaaqudgha.
   688 | D        | Reached skill level 8 in Spellcasting
   690 | D        | Noticed a rust devil
   700 | D        | Became a worshipper of Vehumet
   741 | D        | Found a glowing silver altar of Zin.
   742 | D        | Found a glowing golden altar of the Shining One.
   742 | D        | Found a white marble altar of Elyvilon.
   742 | D        | Noticed a deep elf mage
   800 | D        | Killed a deep elf mage
   800 | D        | Reached skill level 10 in Spellcasting
   800 | D        | Reached XP level 6. HP: 27/42 MP: 10/21
   800 | D        | Reached XP level 7. HP: 31/48 MP: 10/23
   805 | D        | Learned a level 3 spell: Mephitic Cloud
   903 | D        | Found a hide-covered altar of Uskayaw.
   903 | D        | Found a roughly hewn altar of Beogh.
   903 | D        | Found an iron altar of Okawaru.
   903 | D        | Found a bloodstained altar of Trog.
   903 | D        | Found an ornate altar of the Wu Jian Council.
   903 | D        | Noticed a human
   906 | D        | Noticed a human
   916 | D        | Killed a human
   916 | D        | Reached skill level 11 in Spellcasting
   918 | D        | Killed a human
   918 | D        | Reached * piety under Vehumet
   918 | D        | Offered knowledge of Freeze by Vehumet.
   918 | D        | Reached skill level 5 in Fighting
   918 | D        | Reached skill level 5 in Armour
  1004 | D        | Found a basalt altar of Yredelemnul.
  1004 | D        | Found a shadowy altar of Dithmenos.
  1004 | D        | Found a sacrificial altar of Ru.
  1076 | D        | Reached ** piety under Vehumet
  1076 | D        | Reached skill level 12 in Spellcasting
  1079 | D        | Noticed a shadow
  1086 | D        | Killed a shadow
  1086 | D        | Reached skill level 1 in Air Magic
  1086 | D        | Reached skill level 1 in Poison Magic
  1086 | D        | Reached skill level 1 in Evocations
  1086 | D        | Reached XP level 8. HP: 53/53 MP: 14/26
  1146 | D        | Found a blossoming altar of Fedhas.
  1146 | D        | Found a stormy altar of Qazlal.
  1147 | D        | Found a snail-covered altar of Cheibriados.
  1147 | D        | Found a burning altar of Makhleb.
  1147 | D        | Found a hazy altar of Hepliaklqana.
  1147 | D        | Found a shimmering altar of Xom.
  1147 | D        | Found an opulent altar of Gozag.
  1147 | D        | Found a sparkling altar of Nemelex Xobeh.
  1147 | D        | Found a corrupted altar of Lugonu.
  1147 | D        | Found a viscous altar of Jiyva.
  1166 | D        | Offered knowledge of Sting by Vehumet.
  1169 | D        | Upgraded the game from 0.20-a0-833-gc632bec to 0.20-a0-839-gdaf5c57
  1294 | D        | Noticed Josephine
  1313 | D        | Killed Josephine
  1313 | D        | Offered knowledge of Static Discharge by Vehumet.
  1313 | D        | Reached skill level 5 in Short Blades
  1313 | D        | Reached skill level 13 in Spellcasting
  1313 | D        | Reached XP level 9. HP: 56/60 MP: 17/28
  1544 | D        | Noticed a centaur warrior
  1548 | D        | Reached *** piety under Vehumet
  1553 | D        | Killed a centaur warrior
  1553 | D        | Offered knowledge of Throw Icicle by Vehumet.
  1559 | D        | Learned a level 4 spell: Throw Icicle
  1637 | D        | Noticed an unseen horror
  1656 | D        | Killed an unseen horror
  1656 | D        | Reached skill level 14 in Spellcasting
  1719 | D        | Noticed a queen bee
  1723 | D        | Reached **** piety under Vehumet
  1723 | D        | Offered knowledge of Force Lance by Vehumet.
  1727 | D        | Reached ***** piety under Vehumet
  1731 | D        | Reached skill level 5 in Evocations
  1735 | D        | Reached skill level 5 in Poison Magic
  1735 | D        | Reached ****** piety under Vehumet
  1737 | D        | Reached XP level 10. HP: 67/67 MP: 23/30
  1779 | D        | Reached skill level 10 in Dodging
  1911 | D        | Offered knowledge of Irradiate by Vehumet.
  1911 | D        | Reached skill level 5 in Air Magic
  1983 | D        | Noticed a spiny frog
  1983 | D        | Noticed a spiny frog
  1987 | D        | Killed a spiny frog
  1987 | D        | Reached skill level 15 in Spellcasting
  1992 | D        | Killed a spiny frog
  1998 | D        | Reached skill level 10 in Fire Magic
  2195 | D        | Slain by a tyrant leech

Vault maps used:
D:        dungeon_sprint_mu

Skill      XL: |  1  2  3  4  5  6  7  8  9 10 |
---------------+-------------------------------+-----
Fighting       | 1 2 4 5 6 7 |  7.2
Armour         | 1 2 4 5 6 7 |  7.2
Dodging        | 3 4 5 7 8 9 10 | 10.0
Spellcasting   | 4 6 7 10 12 13 14 15 | 15.3
Conjurations   | 2 3 4 6 7 8 9 |  9.2
Fire Magic     | 4 5 7 8 9 10 | 10.0
Short Blades   | 3 4 5 6 7 |  7.3
Air Magic      | 1 2 4 5 |  5.6
Poison Magic   | 1 3 5 6 |  6.3
Evocations     | 1 3 5 6 |  6.4
Stealth        | |  2.4

Action                   |  1- 3 |  4- 6 |  7- 9 | 10-12 || total
-------------------------+-------+-------+-------+-------++-------
Melee: Dagger            |       |       |     2 |       ||     2
 Cast: Flame Tongue      |    22 |     4 |    53 |    52 ||   131
       Sticky Flame      |       |     4 |     4 |     6 ||    14
       Conjure Flame     |       |     1 |     4 |     4 ||     9
       Inner Flame       |       |       |     2 |       ||     2
       Mephitic Cloud    |       |       |     8 |     2 ||    10
       Fireball          |       |       |     3 |       ||     3
       Throw Flame       |       |       |     1 |     3 ||     4
  Use: Scroll            |       |     3 |       |       ||     3
       Potion            |       |     2 |       |       ||     2
 Stab: Sleeping          |       |       |     1 |       ||     1
  Eat: Royal jelly       |       |       |     3 |       ||     3
Dodge: Dodged            |     6 |     1 |    14 |    18 ||    39
